 Dungeon Crawl Stone Soup version 0.20.1-1-g8b1a95d (webtiles) character file.

142676 JeffiDaFish the Warrior (level 17, -2/116 HPs)
             Began as a Gargoyle Fighter on Sept 8, 2017.
             Was the Champion of Okawaru.
             Slain by a white very ugly thing (52 damage)
             ... in an ice cave on Sept 10, 2017.
             The game lasted 01:11:10 (24927 turns).

JeffiDaFish the Warrior (Gargoyle Fighter)         Turns: 24927, Time: 01:11:10

Health: -2/116     AC: 45    Str: 31    XL:     17   Next: 35%
Magic:  23/23      EV: 11    Int: 11    God:    Okawaru [******]
Gold:   680        SH: 28    Dex: 14    Spells: 16/16 levels left

rFire    + . .     SeeInvis +   J - +6 mace (venom)
rCold    . . .     Gourm    .   y - +1 large shield
rNeg     + . .     Faith    .   a - +3 plate armour {rF+}
rPois    ∞         Spirit   .   B - +2 helmet
rElec    +         Reflect  +   t - +1 cloak {MR+}
rCorr    .         Harm     .   E - +2 pair of gloves
MR       ++...     Clarity  +   s - +2 pair of boots
Stlth    ..........             x - +5 amulet of reflection
Regen    0.3/turn               G - +6 ring of strength
MPRegen  0.2/turn               O - ring "Ymeul" {*Contam rPois Str+3 SInv}

@: flying, studying Fighting
A: big wings, clarity, clever 1, negative energy resistance 1, electricity
resistance, unbreathing, petrification resistance, rot immunity, AC +12
a: Stop Flying, Heroism, Finesse, Renounce Religion


You were in an ice cave.
You worshipped Okawaru.
Okawaru was exalted by your worship.
You were not hungry.

You visited 5 branches of the dungeon, and saw 27 of its levels.
You also visited: Ossuary and Ice Cave.

You collected 2287 gold pieces.
You spent 1607 gold pieces at shops.

Inventory:

Hand Weapons
 z - the +8 whip "Snakebite" {curare, rPois}
   (You bought it in a shop on level 1 of the Orcish Mines)

   It poisons the flesh of those it strikes.
   It protects you from poison.
 J - a +6 mace of venom (weapon)
Armour
 a - a +3 plate armour of fire resistance (worn)
 s - a +2 pair of boots (worn)
 t - a +1 cloak of magic resistance (worn)
 y - a +1 large shield (worn)
 B - a +2 helmet (worn)
 E - a +2 pair of gloves (worn)
 F - the +3 pearl dragon scales of Okawaru's Generosity {rF++ rN+}
   (Okawaru gifted it to you on level 2 of the Orcish Mines)

   It greatly protects you from fire.
   It protects you from negative energy.
Jewellery
 i - an uncursed ring of protection from fire
 x - a +5 amulet of reflection (around neck)
 G - a +6 ring of strength (left hand)
 O - the ring "Ymeul" (right hand) {*Contam rPois Str+3 SInv}
   (You found it on level 15 of the Dungeon)

   [ring of see invisible]

   It affects your strength (+3).
   It protects you from poison.
   It lets you see invisible.
   It causes magical contamination when unequipped.
Scrolls
 b - 5 scrolls of recharging
 e - 11 scrolls of teleportation
 h - 6 scrolls of blinking
 j - 3 scrolls of fear
 m - 13 scrolls of remove curse
 n - 3 scrolls of magic mapping
 o - 4 scrolls of identify
 p - 5 scrolls of fog
 A - 4 scrolls of amnesia
 K - a scroll of holy word
Potions
 c - a potion of resistance
 d - 3 potions of might
 l - 4 potions of brilliance
 u - 10 potions of curing
 v - a potion of heal wounds
 w - a potion of magic
 C - 2 potions of haste
 D - 4 potions of berserk rage
 H - 3 potions of agility
 I - 4 potions of invisibility
Books
 L - a book of the Earth

   Spells                             Type                      Level
   a - Leda's Liquefaction            Hexes/Earth                  4
   b - Bolt of Magma                  Conjuration/Fire/Earth       5
   c - Statue Form                    Transmutation/Earth          6
   d - Iron Shot                      Conjuration/Earth            6
   e - Shatter                        Earth                        9
 N - a manual of Fighting
Comestibles
 f - 10 bread rations
 g - 14 royal jellies
 q - 8 fruits
 r - 23 meat rations


   Skills:
 * Level 16.9 Fighting
 * Level 14.8 Maces & Flails
 * Level 14.4 Armour
 + Level 8.1 Dodging
 - Level 0.8 Stealth
 * Level 15.3 Shields
 + Level 8.4 Invocations


You had 16 spell levels left.
You didn't know any spells.

Dungeon Overview and Level Annotations

Branches:
Dungeon (15/15)            Temple (1/1) D:6            Lair (6/6) D:11
 Shoals (3/4) Lair:3       Spider (0/4) Lair:4        Slime (0/5) Lair:6
    Orc (2/2) D:11            Elf (0/3) Orc:2        Vaults (0/5) D:14
 Depths (0/5) D:15

Altars:
Ashenzari
Cheibriados
Dithmenos
Elyvilon
Fedhas
Kikubaaqudgha
Makhleb
Nemelex Xobeh
Okawaru
Qazlal
Ru
Sif Muna
Trog
Uskayaw
Vehumet
Xom
Yredelemnul
Zin
The Shining One
Beogh
Jiyva

Shops:
D:8 ?   D:10 *   D:13 *   Orc:1 (   Orc:2 %(!:

Portals:
Pandemonium: Orc:2

Annotations:
Lair:4 exclusion: 4 oklob plants


Innate Abilities, Weirdness & Mutations

You are resistant to torment.
Your stone body is resilient. (AC +12)
You are immune to poison.
Your large and strong wings let you fly indefinitely.
You resist negative energy. (rN+)
You are resistant to electric shocks. (rElec)
You can survive without breathing.
You are immune to petrification.
You are immune to rotting.
You possess an exceptional clarity of mind.
Your mind is acute. (Int +2)


Message History

The five-headed hydra simulacrum bites you but does no damage. x2
The five-headed hydra simulacrum bites you.
The five-headed hydra simulacrum freezes you!!
* * * LOW HITPOINT WARNING * * *
The white very ugly thing barely misses you.
You feel better.
The white very ugly thing kicks you but does no damage.
You feel better.
You block the white very ugly thing's attack.
You feel better.
You block the white very ugly thing's attack.
The golden dragon simulacrum misses you.
You block the golden dragon simulacrum's attack.
The golden dragon simulacrum tramples you but does no damage.
You sock the white very ugly thing!
The white very ugly thing looks as sick as possible!
The white very ugly thing is severely wounded.
The white very ugly thing kicks you.
The white very ugly thing freezes you!!!
You die...

####### ############# #
#.....## ##...(.#.....## .?
#......###.....[#......## ....
#.......#.......#.......#.....
#.......#.....Z.#.......#.....
#.∩..∩.......@u...............
#.......#.....Z.#.......#.....
#.......#.......#.......#.....
#......###.....(#......## ....
#.....## ##....[#.....## #..[
####### ############# ###


You could see a white very ugly thing, a five-headed hydra simulacrum and a
golden dragon simulacrum.

Vanquished Creatures
  Rupert (Orc:2)
  Polyphemus (Shoals:2)
  Donald (Orc:2)
  A very ugly thing (IceCv)
  A stone giant (Orc:1)
  Snorg (Orc:2)
  A merfolk javelineer (Shoals:3)
  4 merfolk impalers
  Fannar (D:10)
  A vault guard (D:14)
  4 hydras
  2 centaur warriors
  4 catoblepae
  A merfolk aquamancer (Shoals:2)
  An ogre mage (D:15)
  A queen ant (Lair:2)
  8 orc high priests (Orc:2)
  A tengu warrior (D:15)
  10 two-headed ogres
  A death knight (D:15)
  8 death yaks
  Sonja (Orc:2)
  2 skeletal warriors (D:15)
  4 sea snakes (Shoals:2)
  A gelid demonspawn (Orc:2)
  3 wizards (D:15)
  An unseen horror (D:13)
  A torturous demonspawn (Orc:2)
  An infernal demonspawn (Orc:2)
  6 orc knights
  3 harpies (Shoals:1)
  13 ugly things
  A deep elf mage (D:15)
  6 manticores
  5 orc sorcerers (Orc:2)
  5 cyclopes
  7 fauns (Shoals:2)
  13 elephants
  4 merfolk sirens
  5 ice statues (IceCv)
  Joseph (D:8)
  A smoke demon (Orc:2)
  5 black mambas
  A water nymph (Shoals:2)
  A torpor snail (Lair:4)
  An orange demon (Orc:2)
  2 molten gargoyles (Lair:3)
  Maurice (D:13)
  11 spiny frogs
  4 kobold demonologists
  7 komodo dragons
  2 freezing wraiths (D:15)
  2 anaconda simulacra (IceCv)
  2 rime drakes
  6 trolls
  A queen bee (D:9)
  A red devil (Orc:2)
  A golden dragon simulacrum (IceCv)
  4 polar bears (Lair:5)
  A wind drake (Shoals:1)
  19 merfolk
  2 hornets (D:8)
  4 blink frogs (Lair:6)
  5 snapping turtles
  A dream sheep (Shoals:3)
  10 hippogriffs
  6 slime creatures (D:15)
  4 water elementals
  2 ynoxinuls (Orc:2)
  4 shadows
  Sigmund (D:6)
  Grum (D:10)
  59 yaks
  3 wyverns
  3 wraiths (D:15)
  3 basilisks
  3 vampire mosquitoes
  3 hungry ghosts
  5 wargs
  Edmund (D:6)
  An iron troll simulacrum (IceCv)
  2 harpy simulacra (IceCv)
  13 soldier ants (Lair:2)
  2 acid dragons
  10 water moccasins
  A hydra simulacrum (IceCv)
  22 orc warriors
  7 porcupines
  4 sky beasts
  4 black bears
  A phantom (D:11)
  9 ice beasts
  22 wolves
  11 ogres
  A necrophage (D:7)
  5 crocodiles
  6 centaurs
  4 big kobolds
  14 bullfrogs
  A gnoll sergeant (D:8)
  18 scorpions
  23 killer bees
  12 wights (D:11)
  6 howler monkeys
  An electric eel (Lair:4)
  5 centaur zombies
  5 lava snakes (Lair:3)
  2 bullfrog zombies
  7 crimson imps
  A human zombie (Ossuary)
  24 orc priests
  2 jellies
  2 centaur skeletons
  4 hounds
  15 orc wizards
  3 iguanas
  Ijyb (D:4)
  34 worker ants
  A big kobold zombie (Ossuary)
  3 mummies (Ossuary)
  A worker ant zombie (D:5)
  11 gnolls
  9 adders
  5 scorpion zombies (Ossuary)
  2 shadow imps (D:15)
  2 adder zombies (D:7)
  2 adder skeletons
  4 worms
  3 dart slugs
  5 leopard geckos
  67 orcs
  A ball python (D:3)
  9 bats
  5 giant cockroaches
  18 goblins
  14 hobgoblins
  12 jackals
  20 kobolds
  6 quokkas
  4 frilled lizards
  A giant cockroach zombie (D:6)
  5 gnoll zombies (Ossuary)
  2 goblin zombies (Ossuary)
  A hobgoblin zombie (Ossuary)
  3 kobold zombies (Ossuary)
  A leopard gecko skeleton (D:9)
  An orc zombie (Ossuary)
  5 rats
  A bush (Lair:6)
859 creatures vanquished.

Vanquished Creatures (others)
  Nessos (D:14)
  A centaur warrior (D:15)
  A centaur (D:14)
  A kobold (D:14)
  A goblin (D:4)
  A fungus (Lair:6)
  5 plants
11 creatures vanquished.

Grand Total: 870 creatures vanquished

Notes
Turn   | Place    | Note
-------+----------+-------------------------------------------
     0 | D:1      | JeffiDaFish the Gargoyle Fighter began the quest for the Orb.
     0 | D:1      | Reached XP level 1. HP: 14/14 MP: 1/1
   142 | D:1      | Reached XP level 2. HP: 19/19 MP: 2/2
   235 | D:1      | Gained mutation: You possess an exceptional clarity of mind. [potion of mutation]
   235 | D:1      | Gained mutation: Your mind is acute. (Int +2) [potion of mutation]
   475 | D:1      | Reached XP level 3. HP: 12/23 MP: 3/3
   734 | D:2      | Reached skill level 6 in Fighting
   734 | D:2      | Reached skill level 5 in Maces & Flails
   734 | D:2      | Reached XP level 4. HP: 25/32 MP: 4/4
   822 | D:2      | Found a sparkling altar of Nemelex Xobeh.
   945 | D:2      | Found a faded altar of an unknown god.
  1055 | D:2      | Reached XP level 5. HP: 37/37 MP: 5/5
  1491 | D:3      | Found a stormy altar of Qazlal.
  1492 | D:3      | Noticed a fire elemental
  1494 | D:3      | Noticed an air elemental
  1494 | D:3      | Noticed a water elemental
  1622 | D:3      | Found a shadowy altar of Dithmenos.
  2032 | D:4      | Reached XP level 6. HP: 36/42 MP: 6/6
  2526 | D:4      | Noticed Ijyb
  2539 | D:4      | Killed Ijyb
  2798 | D:5      | Entered Level 5 of the Dungeon
  2857 | D:5      | Found a sacrificial altar of Ru.
  3029 | D:5      | Reached XP level 7. HP: 40/47 MP: 7/7
  3446 | D:5      | Found a deep blue altar of Sif Muna.
  3628 | D:6      | Reached XP level 8. HP: 40/52 MP: 8/8
  3654 | D:6      | Found a staircase to the Ecumenical Temple.
  3667 | Temple   | Entered the Ecumenical Temple
  3733 | Temple   | Became a worshipper of Warmaster Okawaru
  3906 | D:6      | Found a snail-covered altar of Cheibriados.
  3927 | D:6      | Reached skill level 7 in Fighting
  4099 | D:6      | Noticed Edmund
  4125 | D:6      | Killed Edmund
  4151 | D:6      | Noticed Sigmund
  4158 | D:6      | Killed Sigmund
  4158 | D:6      | Reached * piety under Okawaru
  4539 | D:7      | Found a sand-covered staircase.
  4548 | Ossuary  | Entered an ossuary
  4625 | Ossuary  | Reached XP level 9. HP: 57/57 MP: 9/9
  4673 | Ossuary  | Reached ** piety under Okawaru
  5277 | D:7      | Reached *** piety under Okawaru
  5985 | D:8      | Noticed a hornet
  6005 | D:8      | Killed a hornet
  6005 | D:8      | Reached XP level 10. HP: 62/64 MP: 10/10
  6120 | D:8      | Reached skill level 8 in Fighting
  6309 | D:8      | Reached **** piety under Okawaru
  6328 | D:8      | Noticed a two-headed ogre
  6676 | D:8      | Noticed Joseph
  6689 | D:8      | Killed Joseph
  6806 | D:8      | Found Yphic's Magic Scroll Boutique.
  6814 | D:8      | Bought a scroll of enchant armour for 97 gold pieces
  6814 | D:8      | Bought a scroll of enchant armour for 97 gold pieces
  6958 | D:9      | Reached skill level 10 in Shields
  6985 | D:9      | Found a shattered altar of Ashenzari.
  7131 | D:9      | Received a gift from Okawaru
  7154 | D:9      | Reached ***** piety under Okawaru
  7189 | D:9      | Reached skill level 1 in Invocations
  7698 | D:10     | Entered Level 10 of the Dungeon
  7729 | D:10     | Reached XP level 11. HP: 63/69 MP: 12/12
  7858 | D:10     | Noticed Grum
  7878 | D:10     | Killed Grum
  7950 | D:10     | Noticed Fannar
  8009 | D:10     | Killed Fannar
  8009 | D:10     | Reached skill level 10 in Maces & Flails
  8285 | D:10     | Received a gift from Okawaru
  8369 | D:10     | Noticed a two-headed ogre
  8376 | D:10     | Killed a two-headed ogre
  8376 | D:10     | Reached skill level 9 in Fighting
  8387 | D:10     | Identified Valaxued's Disquisition on Self-Improvement and Malediction
  8433 | D:10     | Found Lusepry's Luxury Loot.
  8440 | D:10     | Bought a +0 large shield for 58 gold pieces
  9143 | D:11     | Noticed a cyclops
  9153 | D:11     | Killed a cyclops
  9202 | D:11     | Noticed an eight-headed hydra
  9216 | D:11     | Killed an eight-headed hydra
  9350 | D:11     | Found a shadowy altar of Dithmenos.
  9400 | D:11     | Found a staircase to the Lair.
  9427 | D:11     | Received a gift from Okawaru
  9553 | D:11     | Noticed a two-headed ogre
  9560 | D:11     | Killed a two-headed ogre
  9741 | D:11     | Reached XP level 12. HP: 77/77 MP: 14/14
  9742 | D:11     | Noticed a two-headed ogre
  9750 | D:11     | Killed a two-headed ogre
  9901 | D:11     | Found a staircase to the Orcish Mines.
 10072 | Lair:1   | Entered Level 1 of the Lair of Beasts
 10103 | Lair:1   | Reached skill level 10 in Fighting
 10320 | Lair:1   | Reached skill level 10 in Armour
 10523 | Lair:1   | Received a gift from Okawaru
 11218 | Lair:2   | Noticed a queen ant
 11236 | Lair:2   | Killed a queen ant
 11562 | Lair:2   | Reached ****** piety under Okawaru
 11988 | Lair:3   | Reached skill level 11 in Fighting
 11988 | Lair:3   | Reached skill level 5 in Dodging
 11988 | Lair:3   | Reached XP level 13. HP: 84/84 MP: 16/16
 12068 | Lair:3   | Gained mutation: Your large and strong wings let you fly indefinitely. [Gargoyle growth]
 12068 | Lair:3   | Reached XP level 14. HP: 90/90 MP: 12/17
 12225 | Lair:3   | Found a staircase to the Shoals.
 12957 | Lair:4   | Found a hole to the Spider Nest.
 13023 | Lair:4   | Reached skill level 5 in Invocations
 13290 | Lair:4   | Reached skill level 12 in Fighting
 14236 | Lair:5   | Received a gift from Okawaru
 14259 | Lair:5   | Identified the +3 hand crossbow of Defenestration {elec, Int+3} (Okawaru gifted it to you on level 5 of the Lair of Beasts)
 14301 | Lair:5   | Identified the +2 chain mail of the Exiled Spirits {Slay+3} (You found it on level 5 of the Lair of Beasts)
 14956 | Lair:6   | Entered Level 6 of the Lair of Beasts
 15041 | Lair:6   | Found a staircase to the Slime Pits.
 15047 | Lair:6   | Found a viscous altar of Jiyva.
 15602 | Lair:6   | Received a gift from Okawaru
 15671 | Lair:6   | Received a gift from Okawaru
 15688 | Lair:6   | Reached XP level 15. HP: 81/97 MP: 12/19
 16573 | D:12     | Identified the cursed +2 morningstar of Mofir {crush, rN+ MR+} (You found it on level 12 of the Dungeon)
 17091 | D:13     | Reached skill level 13 in Fighting
 17207 | D:13     | Noticed an angel
 17212 | D:13     | Found Vexav's Hallowed Reliquary.
 17212 | D:13     | Found a glowing golden altar of the Shining One.
 17257 | D:13     | Noticed Maurice
 17285 | D:13     | Killed Maurice
 17686 | D:14     | Received a gift from Okawaru
 17781 | D:14     | Noticed Nessos
 17789 | D:14     | Killed Nessos
 17956 | D:14     | Found an ancient bone altar of Kikubaaqudgha.
 18055 | D:14     | Received a gift from Okawaru
 18065 | D:14     | Found a gate to the Vaults.
 18374 | D:15     | Entered Level 15 of the Dungeon
 18500 | D:15     | Got a coiled copper ring
 18501 | D:15     | Identified the ring "Ymeul" {*Contam rPois Str+3 SInv} (You found it on level 15 of the Dungeon)
 18644 | D:15     | Reached skill level 14 in Fighting
 18929 | D:15     | Identified a scroll of acquirement
 19359 | D:15     | Received a gift from Okawaru
 19367 | D:15     | Reached XP level 16. HP: 107/107 MP: 16/21
 19407 | D:15     | Found a staircase to the Depths.
 19753 | Orc:1    | Entered Level 1 of the Orcish Mines
 19782 | Orc:1    | Reached skill level 15 in Fighting
 19857 | Orc:1    | Found Riddoloaq's Antique Weapon Emporium.
 19886 | Orc:1    | Bought the +8 whip "Snakebite" {curare, rPois} for 1355 gold pieces
 20116 | Orc:2    | Entered Level 2 of the Orcish Mines
 20214 | Orc:2    | Noticed Sonja
 20228 | Orc:2    | Killed Sonja
 20417 | Orc:2    | Found Osima's Food Shop.
 20447 | Orc:2    | Found Hogusus's Distillery.
 20697 | Orc:2    | Noticed Snorg
 20712 | Orc:2    | Killed Snorg
 20770 | Orc:2    | Noticed Rupert
 20784 | Orc:2    | Found a staircase to the Elven Halls.
 20854 | Orc:2    | Killed Rupert
 21264 | Orc:2    | Found a runed door.
 21422 | Orc:2    | Found a roughly hewn altar of Beogh.
 21526 | Orc:2    | Paralysed by an orc sorcerer for 5 turns
 21688 | Orc:2    | Paralysed by an orc sorcerer for 7 turns
 21729 | Orc:2    | Received a gift from Okawaru
 21884 | Orc:2    | Identified the +3 pearl dragon scales of Okawaru's Generosity {rF++ rN+} (Okawaru gifted it to you on level 2 of the Orcish Mines)
 21960 | Orc:2    | Found Decsifyh's Book Emporium.
 21960 | Orc:2    | Found Becaxtua's Antique Weapon Shoppe.
 21961 | Orc:2    | Found a one-way gate leading to the halls of Pandemonium.
 22010 | Orc:2    | Noticed Donald
 22027 | Orc:2    | Killed Donald
 22352 | Shoals:1 | Entered Level 1 of the Shoals
 22609 | Shoals:1 | You are sucked into a shaft!
 22610 | Shoals:2 | Noticed Polyphemus
 22617 | Shoals:2 | Reached skill level 16 in Fighting
 22633 | Shoals:2 | Killed Polyphemus
 23093 | Shoals:2 | Reached XP level 17. HP: 112/116 MP: 22/22
 23270 | Shoals:2 | Reached skill level 15 in Shields
 23894 | Shoals:3 | Received a gift from Okawaru
 23937 | Shoals:3 | Found a frozen archway.
 23989 | IceCv    | Entered an ice cave
 24927 | IceCv    | Slain by a white very ugly thing

Skill      XL: |  1  2  3  4  5  6  7  8  9 10 11 12 13 14 15 16 17 |
---------------+----------------------------------------------------+-----
Fighting       | 6 7 8 9 11 12 14 16 | 16.9
Maces & Flails | 5 6 7 8 9 10 12 13 14 | 14.8
Armour         | 6 7 8 9 10 11 13 14 | 14.4
Dodging        | 2 3 4 5 6 7 8 |  8.1
Shields        | 6 7 8 9 10 11 12 13 14 15 | 15.3
Invocations    | 1 3 4 6 7 8 |  8.4
Stealth        | |  0.8

Action                   |  1- 3 |  4- 6 |  7- 9 | 10-12 | 13-15 | 16-18 || total
-------------------------+-------+-------+-------+-------+-------+-------++-------
Melee: Flail             |    93 |    91 |   410 |   388 |       |       ||   982
       Whip              |       |   158 |   182 |       |       |   941 ||  1281
       Mace              |       |       |       |   532 |  1459 |   168 ||  2159
Invok: Finesse           |       |       |       |     1 |    13 |     5 ||    19
 Abil: Fly               |       |       |       |       |     1 |       ||     1
  Use: Potion            |     5 |     6 |     4 |     1 |       |     9 ||    25
       Scroll            |     5 |     7 |    11 |    11 |    13 |    11 ||    58
 Stab: Petrified         |       |       |       |       |     1 |     8 ||     9
       Petrifying        |       |       |       |       |       |     1 ||     1
  Eat: Chunk             |       |     7 |     8 |    22 |    26 |    17 ||    80
       Royal jelly       |       |       |     1 |     1 |       |     1 ||     3
Armor: Scale mail        |     7 |       |       |       |       |       ||     7
       Ring mail         |    43 |     3 |       |       |       |       ||    46
       Plate armour      |       |   158 |   279 |   400 |   555 |   224 ||  1616
       Pearl dragon scal |       |       |       |       |       |     2 ||     2
Dodge: Dodged            |    45 |    43 |   120 |   137 |   251 |   153 ||   749
Block: Shield            |    56 |   139 |   400 |   380 |       |       ||   975
       Reflection        |       |       |     4 |     5 |    36 |    57 ||   102
       Large shield      |       |       |       |   607 |  1731 |   886 ||  3224
